 Dungeon Crawl Stone Soup version 0.21-a0-273-g0785366 (webtiles) character file.

74 Azure the Skirmisher (level 4, -6/35 HPs)
             Began as a Demonspawn Fighter on Sept 18, 2017.
             Killed by divine providence
             ... invoked by an orc priest
              (11 damage)
             ... on level 3 of the Dungeon.
             The game lasted 00:03:05 (1103 turns).

Azure the Skirmisher (Demonspawn Fighter)           Turns: 1103, Time: 00:03:06

Health: -6/35      AC:  6    Str: 17    XL:     4   Next: 9%
Magic:  4/4        EV:  9    Int:  9    God:
Gold:   44         SH:  0    Dex: 13    Spells: 3/3 levels left

rFire    . . .     SeeInvis .   a - +0 long sword
rCold    . . .     Gourm    .   (no shield)
rNeg     . . .     Faith    .   b - +0 scale mail
rPois    .         Spirit   .   (helmet restricted)
rElec    .         Reflect  .   (no cloak)
rCorr    .         Harm     .   (no gloves)
MR       .....                  (no boots)
Stlth    ..........             (no amulet)
HPRegen  0.11/turn              (no ring)
MPRegen  0.09/turn              (no ring)

@: no status effects
A: claws 1, horns 1, talons 1
a: no special abilities


You were on level 3 of the Dungeon.
You were hungry.

You visited 1 branch of the dungeon, and saw 3 of its levels.

You collected 44 gold pieces.

Inventory:

Hand Weapons
 a - a +0 long sword (weapon)
Armour
 b - a +0 scale mail (worn)
 c - a +0 shield
Scrolls
 e - a scroll of enchant armour {unknown}
 g - a scroll of enchant weapon {unknown}
 j - a scroll of identify {unknown}
Potions
 d - a potion of might
 h - 3 potions of curing {unknown}
 i - 3 potions of cancellation {unknown}
Comestibles
 f - 2 bread rations
 k - 2 meat rations
 l - a royal jelly
 m - 2 fruits
 n - a chunk of flesh


   Skills:
 + Level 3.3 Fighting
 * Level 3.2 Long Blades
 + Level 3.2 Armour
 - Level 2.6 Shields


You had 3 spell levels left.
You didn't know any spells.

Dungeon Overview and Level Annotations

Branches:
Dungeon (3/15)

Altars:
Uskayaw


Innate Abilities, Weirdness & Mutations

You have sharp fingernails.
You have a pair of small horns on your head.
You have sharp toenails.


Message History

You kill the hobgoblin!
The orc priest looks braver for a moment.
Things that are here:
a hand axe; an orc corpse; an adder corpse The orc priest hits you but does no damage.
You slash the orc priest!
The orc priest is severely wounded.
The orc priest invokes the aid of Beogh against you.
Beogh smites you!
* * * LOW HITPOINT WARNING * * *
You closely miss the orc priest.
The orc priest is severely wounded.
The orc priest barely misses you.
The orc priest hits you but does no damage.
You closely miss the orc priest.
You claw the orc priest, but do no damage.
The orc priest is severely wounded.
The orc priest calls down the wrath of Beogh upon you.
Beogh smites you!
You die...

. . .o..# ..#. ....
..../ ...# ...##..#
.....# #### #...#
### ###... #...# #.#
....##
##.#..o###.###.....
........@)......#
###.#..##)#.#.#.#
...........#.#.####
#####.###.#.#..<...#
#. #.......##.# ##
#.#.....# #.#.....#
#.#...... .........


You could see an orc priest.

Vanquished Creatures
  2 adders
  2 oozes (D:2)
  A worm (D:2)
  A dart slug (D:1)
  2 leopard geckos
  An orc (D:3)
  3 bats
  2 giant cockroaches
  5 goblins
  7 hobgoblins
  A quokka (D:2)
  2 frilled lizards
  5 kobolds
  6 rats
40 creatures vanquished.

Notes
Turn   | Place    | Note
-------+----------+-------------------------------------------
     0 | D:1      | Azure the Demonspawn Fighter began the quest for the Orb.
     0 | D:1      | Reached XP level 1. HP: 18/18 MP: 1/1
   179 | D:1      | Gained mutation: You have a pair of small horns on your head. [demonic ancestry]
   179 | D:1      | Reached XP level 2. HP: 21/24 MP: 2/2
   541 | D:2      | Gained mutation: You have sharp toenails. [demonic ancestry]
   541 | D:2      | Reached XP level 3. HP: 29/29 MP: 3/3
   624 | D:2      | Noticed a dagger
   625 | D:2      | Found a hide-covered altar of Uskayaw.
   625 | D:2      | Noticed a dagger
  1095 | D:3      | Gained mutation: You have sharp fingernails. [demonic ancestry]
  1095 | D:3      | Reached XP level 4. HP: 21/35 MP: 4/4
  1103 | D:3      | Killed from afar by an orc priest

Vault maps used:
D:1:      minmay_arrival_five_plusses
D:2:      dancing_weapons_uskayaw
D:3:      gup_sewer_entry_bubbles

Skill      XL: |  1  2  3 |
---------------+----------+-----
Long Blades    | 2 3 |  3.2
Armour         | 3 |  3.2
Fighting       | |  3.3
Shields        | |  2.6

Action                   |  1- 3 |  4- 6 || total
-------------------------+-------+-------++-------
Melee: Long sword        |    84 |     6 ||    90
       Headbutt          |    13 |       ||    13
       Kick              |    11 |     3 ||    14
Armor: Scale mail        |    53 |       ||    53
Dodge: Dodged            |    28 |     3 ||    31
       Rpst.: Long sword |     8 |       ||     8

Table legend:
 A = Spawn XP
 B = Non-spawn XP
 C = Spawn XP percentage of total XP
 D = Spawn monster count
 E = Non-spawn monster count
 F = Spawn count percentage of total count
 G = Total turns spent on level
                    A         B        C        D         E        F      G
               +---------+---------+-------+---------+---------+-------+---------
         Total |       0 |     106 |   0.0 |       0 |      40 |   0.0 |  1103
               +---------+---------+-------+---------+---------+-------+---------
           D:1 |       0 |      33 |   0.0 |       0 |      19 |   0.0 |   502
           D:2 |       0 |      54 |   0.0 |       0 |      17 |   0.0 |   573
           D:3 |       0 |      19 |   0.0 |       0 |       4 |   0.0 |    28
               +---------+---------+-------+---------+---------+-------+---------
